 Dungeon Crawl Stone Soup version 0.29.1-12-g30fa7ad0bf (webtiles) character file.

Game seed: 17468437565073079598

106132 LustLizard the Marksspriggan (level 15, 0/75 HPs)
             Began as a Spriggan Hunter on Jan 2, 2023.
             Was the Champion of Dithmenos.
             Killed from afar by a swamp worm (14 damage)
             ... with a harpoon shot
             ... on level 1 of the Swamp on Jan 3, 2023.
             The game lasted 01:19:50 (37221 turns).

LustLizard the Marksspriggan (Spriggan Hunter)     Turns: 37221, Time: 01:19:51

Health: 0/75       AC: 15    Str: 15    XL:     15   Next: 96%
Magic:  28/28      EV: 24    Int: 12    God:    Dithmenos [******]
Gold:   800        SH:  0    Dex: 26    Spells: 14/14 levels left

rFire   + + .      SeeInvis +   y - +2 arbalest (flame)
rCold   x . .      Faith    .   (shield currently unavailable)
rNeg    . . .      Spirit   .   E - +3 fire dragon scales
rPois   +          Reflect  .   a - +2 hat
rElec   .          Harm     .   q - scarf {repulsion}
rCorr   .          Rampage  .   (gloves unavailable)
Will    ++...                   (boots unavailable)
Stlth   +++.......              (no amulet)
HPRegen 0.22/turn               S - ring "Xol Qecw" {rPois Dex+3 SInv}
MPRegen 0.21/turn               g - ring "Wamiradd" {Str+6 Slay+4}

@: wreathed by umbra, studying Invocations, repel missiles, very quick
A: very small, no large weapons, unfitting armour, see invisible, speed 3
a: Renounce Religion, Shadow Step, Shadow Form


You were on level 1 of the Swamp.
You worshipped Dithmenos.
Dithmenos was exalted by your worship.
You visited 5 branches of the dungeon, and saw 24 of its levels.
You also visited: Ice Cave and Volcano.

You collected 2520 gold pieces.
You spent 1720 gold pieces at shops.

Inventory:

Hand Weapons
 y - a +2 arbalest of flaming (weapon)
 M - a +1 vorpal shortbow
Missiles
 I - 2 throwing nets
Armour
 a - a +2 hat (worn)
 e - a +1 buckler of protection
 q - a scarf of repulsion (worn)
 x - the +0 robe of the Monkey's Uncle {Dex+3}
   (You found it on level 5 of the Dungeon)

   Dex:       It affects your dexterity (+3).
 E - +3 fire dragon scales (worn)
 P - a scarf of resistance
Jewellery
 g - the ring "Wamiradd" (right hand) {Str+6 Slay+4}
   (You acquired it on level 3 of the Lair of Beasts)

   [ring of strength]

   Str:       It affects your strength (+6).
   Slay:      It affects your accuracy & damage with ranged weapons and melee
   (+4).
 s - a ring of magical power
 A - a +6 ring of dexterity
 B - a ring of magical power
 O - a +6 ring of dexterity
 S - the ring "Xol Qecw" (left hand) {rPois Dex+3 SInv}
   (You found it on level 4 of the Lair of Beasts)

   [ring of poison resistance]

   Dex:       It affects your dexterity (+3).
   rPois:     It protects you from poison.
   SInv:      It lets you see invisible.
 T - a +4 ring of evasion
 Y - a +6 ring of strength
Wands
 o - a wand of flame (30)
 C - a wand of mindburst (6)
 F - a wand of acid (28)
 G - a wand of iceblast (21)
 J - a wand of paralysis (17)
 R - a wand of polymorph (14)
Scrolls
 b - 4 scrolls of immolation
 d - 2 scrolls of magic mapping
 i - 2 scrolls of fear
 l - 3 scrolls of poison
 n - a scroll of torment
 r - 6 scrolls of noise
 u - 4 scrolls of teleportation
 w - 4 scrolls of vulnerability
 z - 5 scrolls of amnesia
 D - 2 scrolls of summoning
 K - a scroll of brand weapon
 L - 2 scrolls of butterflies
 V - 3 scrolls of silence
 W - 2 scrolls of blinking
 X - 6 scrolls of identify
Potions
 c - 4 potions of magic
 f - 7 potions of lignification
 h - 3 potions of mutation
 j - a potion of invisibility
 k - 4 potions of heal wounds
 m - 6 potions of might
 t - 2 potions of brilliance
 v - 2 potions of flight
 H - 3 potions of cancellation
 N - 7 potions of ambrosia
 U - 5 potions of haste
 Z - a potion of curing
Miscellaneous
 p - a condenser vane
 Q - a box of beasts


   Skills:
 + Level 7.4 Fighting
 + Level 19.1 Ranged Weapons
 * Level 6.3 Armour
 - Level 12.1 Dodging
 - Level 5.0 Stealth
 * Level 17.0 Invocations


You had 14 spell levels left.
You didn't know any spells.
Your spell library contained the following spells:

 Spells                   Type           Power      Damage    Failure   Level
 Foxfire                  Conj/Fire      0%         2x1d4     82%         1
 Summon Small Mammal      Summ           0%         N/A       82%         1
 Poisonous Vapours        Pois/Air       0%         N/A       91%         2
 Static Discharge         Conj/Air       0%         3-3/arc   91%         2
 Call Canine Familiar     Summ           0%         N/A       99%         3
 Conjure Flame            Conj/Fire      0%         6-21      99%         3
 Inner Flame              Hex/Fire       0%         N/A       99%         3
 Summon Guardian Golem    Hex/Summ       0%         N/A       99%         3
 Tukima's Dance           Hex            0%         N/A       99%         3
 Cause Fear               Hex            0%         N/A       100%        4
 Corpse Rot               Necr/Pois/Air  0%         N/A       100%        4
 Flame Wave               Conj/Fire      0%         2d4       100%        4
 Passage of Golubria      Tloc           0%         N/A       100%        4
 Fireball                 Conj/Fire      0%         3d3       100%        5
 Freezing Cloud           Conj/Ice/Air   0%         6-21      100%        5
 Lightning Bolt           Conj/Air       0%         1d11      100%        5
 Yara's Violent Unravell  Hex/Tmut       0%         3d3       100%        5
 Simulacrum               Ice/Necr       0%         N/A       100%        6
 Starburst                Conj/Fire      0%         6d3       100%        6
 Dragon Form              Tmut           0%         N/A       100%        7
 Orb of Destruction       Conj           0%         9d5       100%        7
 Spellforged Servitor     Conj/Summ      0%         N/A       100%        7
 Ignition                 Fire           0%         3d3       100%        8
 Maxwell's Capacitive Co  Air            0%         ∞         100%        8
 Dragon's Call            Summ           0%         N/A       100%        9
 Polar Vortex             Ice            0%         N/A       100%        9


Dungeon Overview and Level Annotations

Branches:
Dungeon (15/15)            Temple (1/1) D:6            Lair (5/5) D:9
  Swamp (1/4) Lair:2       Spider (0/4) Lair:2        Slime (0/5) Lair:4
    Orc (2/2) D:9             Elf (0/3) Orc:2        Vaults (0/5) D:14
 Depths (0/4) D:15          IceCv (visited)         Volcano (visited)

Altars:
Dithmenos
Elyvilon
Fedhas
Hepliaklqana
Kikubaaqudgha
Makhleb
Nemelex Xobeh
Okawaru
Qazlal
Ru
Sif Muna
Trog
Vehumet
Wu Jian
Xom
Zin
The Shining One
Jiyva

Shops:
D:8 :   Orc:2 ([*?

Annotations:
D:8 2 transporters
D:13 Azrael


Innate Abilities, Weirdness & Mutations

You are very small and have problems with some larger weapons.
You are too small for most types of armour.
You have supernaturally acute eyesight. (SInv)
You cover ground extremely quickly. (Speed+++)


Message History

The eleionoma is moderately wounded.
The eleionoma hurls a spray of splinters at you.
The spray of wooden splinters hits you!!
You emit a cloud of dark smoke.
You shoot a bolt. The bolt hits the eleionoma!!
The bolt burns the eleionoma!
The eleionoma is almost dead.
Your shadow shoots a bolt.
The bolt hits the eleionoma!
You kill the eleionoma!
Dithmenos accepts your kill.
No target in view!
Your magical effects are unravelling.
You feel magically purged.
The sentinel's mark upon you fades away.
A six-headed hydra and a swamp worm come into view.
A bog body comes into view.
A swamp worm comes into view.
A spriggan rider comes into view. It is wielding a +0 spear.
The spriggan rider shouts!
The swamp worm fires a harpoon shot at you.
The harpoon shot misses you. The six-headed hydra bites you.
The six-headed hydra closely misses you.
The six-headed hydra bites you but does no damage.
The six-headed hydra barely misses you.
The six-headed hydra closely misses you. x2
A bog body comes into view.
The swamp worm fires a harpoon shot at you.
The harpoon shot misses you.
The swamp worm fires a harpoon shot at you.
The harpoon shot is repelled.
The spriggan rider hits you from afar with a +0 spear!
A bog body comes into view.
You enter the shallow water.
Moving in this stuff is going to be slow.
The bog body points at you and mumbles some strange words.
The bolt of cold hits you!!
You feel a terrible chill!
* * * LOW HITPOINT WARNING * * *
You emit a cloud of dark smoke.
The swamp worm fires a harpoon shot at you.
The harpoon shot hits you!
You die...

~~ ♣D~~~†.~~♣ ~
♣.~~..§~.♣ ♣.w.....~♣
♣♣.~~.~~♣
♣♣♣♣♣♣♣♣♣♣.n~~~~.♣
♣...♣♣§§§iw~~~.~♣n♣
♣♣.~~..§§§§~.~n.~♣
♣~~~.♣.§§§§~~~~.♣♣
♣♣♣...♣♣.@.~~~~.♣♣
♣....~♣♣~....~~~..
♣~.~.♣♣.~†~..~~~...
♣♣~~~.♣♣.<~~...~~~...
♣~.~~~~.[..§...~.....
♣♣.§~.~~.....♣♣♣♣♣.
♣..~.~..~.~♣♣
♣....~~~~.♣♣
♣♣..~~~~~.♣


You could see a spriggan rider, 2 bog bodies and 2 swamp worms.

Vanquished Creatures
  Frances (D:13)
  The ghost of AyAyRon the Bludgeoner, an adept DsFi of Yredelemnul (D:15)
  An emperor scorpion (D:15)
  An orc warlord (Orc:2)
  An eleionoma (Swamp:1)
  Nessos (D:13)
  A dire elephant (D:15)
  A fire dragon (Lair:5)
  5 vault guards (D:14)
  4 boulder beetles
  8 hydras
  3 two-headed ogres (D:12)
  9 death yaks
  5 centaur warriors
  3 tengu warriors
  An orc high priest (Orc:2)
  A bog body (Swamp:1)
  A swamp dragon (Lair:5)
  A wizard (Volcano)
  Pikel (D:8)
  2 orc knights (Orc:1)
  3 deep elf pyromancers
  6 orc sorcerers (Orc:2)
  2 ugly things
  9 cyclopes
  2 wolf spiders (Lair:5)
  2 manticores
  A will-o-the-wisp (Swamp:1)
  2 ice statues (IceCv)
  A faun (shapeshifter) (D:15)
  5 elephants (Lair:3)
  A guardian serpent (Lair:5)
  12 black mambas
  Maurice (D:10)
  3 molten gargoyles (Volcano)
  3 salamanders (Volcano)
  An eye of devastation (Lair:4)
  5 gargoyles
  An unseen horror (D:12)
  14 cane toads
  5 rime drakes
  A kobold demonologist (D:12)
  2 efreet
  15 komodo dragons
  A yaktaur (D:14)
  3 tengu conjurers
  6 meliai
  4 polar bears
  6 trolls
  A queen bee (D:15)
  3 hornets
  A tyrant leech (Swamp:1)
  31 blink frogs
  10 slime creatures
  25 dream sheep
  A jumping spider (Lair:2)
  A shadow (D:9)
  A culicivora (Lair:2)
  14 wyverns
  33 yaks
  2 wraiths
  4 basilisks
  A hog (shapeshifter) (D:13)
  A fire elemental (D:13)
  4 steam dragons
  Grum (D:9)
  11 vampire mosquitoes
  2 redbacks
  3 wargs (Orc:2)
  6 acid dragons
  A floating eye (Lair:4)
  23 water moccasins
  2 hell hounds (D:13)
  24 orc warriors
  3 swamp drakes (Lair:5)
  A sky beast (D:8)
  3 black bears
  12 wolves
  6 ogres
  3 lemures (D:8)
  12 centaurs
  2 phantoms (D:5)
  6 kobold brigands
  6 bullfrogs
  A gnoll sergeant (D:8)
  2 necrophages (D:5)
  A two-headed ogre simulacrum (D:11)
  3 scorpions
  15 wights
  32 killer bees
  An electric eel (Lair:4)
  10 howler monkeys
  5 hounds
  7 komodo dragon simulacra (IceCv)
  A gnoll bouda (D:6)
  16 orc priests
  9 hell rats
  25 orc wizards
  8 iguanas
  6 acid dragon simulacra (IceCv)
  9 gnolls
  A naga simulacrum (D:11)
  5 adders
  12 river rats
  A shadow imp (D:5)
  2 white imps (D:5)
  5 ufetubi (D:5)
  5 steam dragon simulacra (IceCv)
  2 worms
  2 dart slugs
  68 orcs
  8 ball pythons
  4 bats (D:2)
  6 endoplasms
  2 giant cockroaches
  7 goblins
  6 hobgoblins
  3 jackals (D:2)
  23 kobolds
  5 quokkas
  3 frilled lizards
  6 rats
756 creatures vanquished.

Vanquished Creatures (others)
  An orc knight (D:8)
  A slime creature (D:8)
  2 demonic plants (D:5)
  36 fungi
  116 plants
156 creatures vanquished.

Grand Total: 912 creatures vanquished

Notes
Turn   | Place    | Note
-------+----------+-------------------------------------------
     0 | D:1      | LustLizard the Spriggan Hunter began the quest for the Orb.
     0 | D:1      | Reached XP level 1. HP: 10/10 MP: 2/2
   320 | D:1      | Reached XP level 2. HP: 14/14 MP: 3/3
   740 | D:1      | Found a faded altar of an unknown god.
   992 | D:2      | Reached XP level 3. HP: 15/18 MP: 4/4
  1414 | D:2      | Reached skill level 5 in Ranged Weapons
  1504 | D:2      | You fall into a shaft and drop 2 floors!
  1583 | D:4      | Noticed an ogre
  1593 | D:4      | Noticed a black bear
  1600 | D:4      | Noticed a scorpion
  1634 | D:4      | Killed a scorpion
  1635 | D:4      | Reached XP level 4. HP: 17/22 MP: 5/5
  1761 | D:3      | Identified the +1 leather armour of Wuxorah {Drain rElec
                  | rC++ Will+}
  1794 | D:3      | Found an ancient bone altar of Kikubaaqudgha.
  1800 | D:3      | Found a sparkling altar of Nemelex Xobeh.
  1807 | D:3      | Found a sacrificial altar of Ru.
  3195 | D:4      | Reached XP level 5. HP: 15/25 MP: 6/6
  3413 | D:4      | Reached skill level 6 in Ranged Weapons
  3413 | D:4      | Reached skill level 5 in Stealth
  3814 | D:4      | Killed a black bear
  3815 | D:4      | Reached XP level 6. HP: 30/30 MP: 7/7
  3828 | D:4      | Reached skill level 7 in Ranged Weapons
  4098 | D:5      | Entered Level 5 of the Dungeon
  4321 | D:5      | Identified the +0 robe of the Monkey's Uncle {Dex+3}
  4372 | D:5      | Reached XP level 7. HP: 33/33 MP: 8/8
  4404 | D:5      | Reached skill level 8 in Ranged Weapons
  4952 | D:5      | Reached skill level 9 in Ranged Weapons
  5307 | D:5      | Reached XP level 8. HP: 25/37 MP: 9/9
  5988 | D:6      | Reached skill level 10 in Ranged Weapons
  6358 | D:6      | Found a staircase to the Ecumenical Temple.
  6374 | Temple   | Entered the Ecumenical Temple
  6455 | Temple   | Became a worshipper of Dithmenos the Shadowed
  6936 | D:6      | Reached skill level 11 in Ranged Weapons
  7306 | D:7      | Identified the +9 short sword of Iconoclasm {chaos, Dex+3}
  7582 | D:7      | Found a glowing golden altar of the Shining One.
  8259 | D:7      | Reached XP level 9. HP: 36/41 MP: 10/10
  8270 | D:7      | Reached skill level 1 in Invocations
  8305 | D:7      | Reached skill level 12 in Ranged Weapons
  8401 | D:7      | Reached * piety under Dithmenos
  9223 | D:8      | Found a blossoming altar of Fedhas.
  9238 | D:8      | Noticed an efreet
  9240 | D:8      | Noticed a boulder beetle
  9241 | D:8      | Noticed a centaur warrior
  9243 | D:8      | Found a transporter.
  9248 | D:8      | Noticed a boulder beetle
  9325 | D:8      | Noticed Pikel
  9366 | D:8      | Noticed an orc knight
  9371 | D:8      | Killed Pikel
  9445 | D:8      | Found Voenaecs's Vocational Training.
  9647 | D:8      | Reached skill level 5 in Dodging
  9810 | D:8      | Found a transporter.
 10415 | D:9      | Found a staircase to the Orcish Mines.
 10431 | D:9      | Noticed a death yak
 10431 | D:9      | Noticed a death yak
 10431 | D:9      | Noticed a death yak
 10493 | D:9      | Reached skill level 5 in Invocations
 10511 | D:9      | Noticed a troll
 10556 | D:8      | Killed a troll
 10677 | D:9      | Reached XP level 10. HP: 35/46 MP: 14/14
 10679 | D:9      | Reached skill level 13 in Ranged Weapons
 11465 | D:9      | Killed a death yak
 11531 | D:9      | Killed a death yak
 11570 | D:9      | Killed a death yak
 11690 | D:9      | Found a staircase to the Lair.
 11817 | D:9      | Noticed Grum
 11872 | D:9      | Killed Grum
 12063 | D:9      | Found a stormy altar of Qazlal.
 12219 | D:9      | Noticed a centaur warrior
 12249 | D:9      | Reached ** piety under Dithmenos
 12304 | D:9      | Reached skill level 14 in Ranged Weapons
 12411 | D:9      | Noticed a deep elf pyromancer
 12440 | D:10     | Entered Level 10 of the Dungeon
 12440 | D:10     | Noticed Maurice
 12641 | D:10     | Reached XP level 11. HP: 49/49 MP: 17/17
 12823 | D:9      | Noticed a centaur warrior
 13606 | D:10     | Killed Maurice
 15013 | D:11     | Found a frozen archway.
 15100 | IceCv    | Entered an ice cave
 15800 | IceCv    | Reached *** piety under Dithmenos
 15832 | IceCv    | Noticed an ice dragon
 15961 | D:11     | Noticed a green ugly thing
 15997 | D:11     | Killed a green ugly thing
 16346 | D:11     | Noticed a two-headed ogre
 16354 | D:11     | Reached skill level 15 in Ranged Weapons
 16361 | D:11     | Noticed a two-headed ogre
 16365 | D:11     | Noticed a fire giant
 16713 | D:8      | Killed an orc knight
 16760 | D:9      | Killed a centaur warrior
 16783 | D:9      | Reached skill level 10 in Invocations
 16813 | D:9      | Killed a centaur warrior
 16902 | D:9      | Reached XP level 12. HP: 53/53 MP: 20/20
 17370 | D:9      | Identified the +8 flail "Qeked" {antimagic, Int+5}
 17422 | D:9      | Reached skill level 10 in Dodging
 17435 | Lair:1   | Entered Level 1 of the Lair of Beasts
 17583 | Lair:1   | Noticed an eight-headed hydra
 17616 | Lair:1   | Killed an eight-headed hydra
 18622 | Lair:2   | Reached **** piety under Dithmenos
 18932 | Lair:2   | Reached skill level 16 in Ranged Weapons
 19032 | Lair:2   | Found a staircase to the Swamp.
 19394 | Lair:2   | Found a hole to the Spider Nest.
 19759 | Lair:3   | Found a dark tunnel.
 19908 | Volcano  | Entered a volcano
 19969 | Volcano  | Reached XP level 13. HP: 59/59 MP: 21/23
 19983 | Volcano  | Noticed an orb of fire
 20508 | Volcano  | Noticed an orb of fire
 20677 | Lair:3   | Reached ***** piety under Dithmenos
 21445 | Lair:3   | Identified a scroll of acquirement
 21446 | Lair:3   | Acquired the ring "Wamiradd" {Str+6 Slay+4}
 21767 | Lair:4   | Reached skill level 17 in Ranged Weapons
 22372 | Lair:4   | Identified the ring "Xol Qecw" {rPois Dex+3 SInv}
 22894 | Lair:4   | Reached skill level 1 in Armour
 23531 | Lair:4   | Found a staircase to the Slime Pits.
 23532 | Lair:4   | Found a viscous altar of Jiyva.
 23800 | Lair:5   | Entered Level 5 of the Lair of Beasts
 24326 | Lair:5   | Reached XP level 14. HP: 50/67 MP: 25/25
 24845 | Lair:5   | Reached ****** piety under Dithmenos
 24979 | Lair:5   | Reached skill level 5 in Fighting
 26201 | Lair:5   | Reached skill level 18 in Ranged Weapons
 28848 | Orc:1    | Entered Level 1 of the Orcish Mines
 29538 | Orc:2    | Entered Level 2 of the Orcish Mines
 29538 | Orc:2    | Found a staircase to the Elven Halls.
 29988 | Orc:2    | Found Diawem's General Store.
 29996 | Orc:2    | Bought a potion of haste for 140 gold pieces
 30660 | Orc:2    | Reached XP level 15. HP: 73/73 MP: 27/27
 30696 | Orc:2    | Noticed an orc warlord
 30749 | Orc:2    | Killed an orc warlord
 30750 | Orc:2    | Reached skill level 15 in Invocations
 30989 | Orc:2    | Found Vatyoliu's Antique Armour Shop.
 30991 | Orc:2    | Found Gat Amol's Antique Weapon Boutique.
 31217 | Orc:2    | Found Mooth's Magic Scroll Emporium.
 31225 | Orc:2    | Bought a scroll of magic mapping for 120 gold pieces
 31225 | Orc:2    | Bought a scroll of blinking for 120 gold pieces
 31225 | Orc:2    | Bought a scroll of identify for 32 gold pieces
 31225 | Orc:2    | Bought a scroll of identify for 32 gold pieces
 31289 | Orc:2    | Found a shimmering blue altar of Sif Muna.
 32895 | D:13     | Identified the +0 pair of gloves of Complete Protection
                  | {rPois rCorr Int+3}
 33007 | D:13     | Identified the +9 falchion of the Hidden Vale {flame, rElec
                  | rN+}
 33285 | Orc:2    | Bought an ancient robe for 136 gold pieces
 33285 | Orc:2    | Identified the +0 robe of Magic {Str+3 Dex+4} (You bought
                  | it in a shop on level 2 of the Orcish Mines)
 33285 | Orc:2    | Bought a shiny buckler for 180 gold pieces
 33347 | D:8      | Bought a manual of Invocations for 960 gold pieces
 33447 | D:13     | Noticed Frances
 33463 | D:13     | Killed Frances
 33480 | D:13     | Noticed Azrael
 33862 | D:13     | Noticed Nessos
 33866 | D:13     | Killed Nessos
 34140 | D:13     | Reached skill level 5 in Armour
 35228 | D:14     | Found a gate to the Vaults.
 35507 | D:15     | Entered Level 15 of the Dungeon
 35539 | D:15     | Found a runed translucent gate.
 35551 | D:15     | Reached skill level 19 in Ranged Weapons
 35670 | D:15     | Noticed an emperor scorpion
 36162 | D:15     | Found a runed translucent gate.
 36163 | D:15     | Found a runed translucent gate.
 36166 | D:15     | Noticed AyAyRon's ghost (adept DsFi)
 36547 | D:15     | Found a staircase to the Depths.
 36590 | D:15     | Killed an emperor scorpion
 36870 | D:15     | Killed AyAyRon's ghost
 36949 | D:15     | Identified the amulet of Pantheism {Faith rPois Will-
                  | Slay+6 SInv}
 37142 | Swamp:1  | Entered Level 1 of the Swamp
 37221 | Swamp:1  | Killed from afar by a swamp worm

Illustrated notes

Levels and vault maps discovered:
D:1:      minmay_arrival_stair_chambers, layout_loops_ring,
          chequers_ecumenical_altar_grove, minmay_door_square
D:2:      layout_loops_ring, minmay_misc_feat_ornament, minmay_quantized
D:3:      layout_basic, minmay_overflow_temple_star_quad
D:4:      layout_loops_corners
D:5:      layout_basic, serial_demonic, serial_demonic_a, serial_demonic_b,
          serial_demonic_b, serial_demonic_a, nrook_campfire
D:6:      layout_basic, minmay_temple_entry_poolview
D:7:      layout_gridville, mainiacjoe_overflow_cross_hatched
D:8:      gammafunk_sealed_arena, layout_basic, fedhas_altar_1,
          nicolae_shop_vocational, uniq_pikel
D:9:      minmay_the_grid_octo_tiled_octocenter
          [minmay_the_grid_octo_vomiting_pacman,
          minmay_the_grid_octo_fat_diamond, minmay_the_grid_octo_chip,
          minmay_the_grid_octo_concentric, minmay_the_grid_octo_prize_big_c,
          minmay_the_grid_square_5x5_bracketed,
          minmay_the_grid_square_5x5_minivault,
          minmay_the_grid_square_5x5_three_walls,
          minmay_the_grid_square_5x5_two], layout_loops_ring,
          dpeg_lair_monsters, uniq_grum
D:10:     layout_cave_pools, minmay_between, uniq_maurice
D:11:     layout_roguey, portal_ice_cave_entry_ice_simulacra, evilmike_minifort
D:12:     layout_loops_corners, grunt_tough_drop
D:13:     layout_cross, uniq_frances, uniq_nessos, uniq_azrael
D:14:     layout_long_grid, grunt_vaults_entry_fortified, minmay_misc_feat_room
D:15:     hangedman_depths_entry_try_elsewhere_first, layout_basic,
          gammafunk_ghost_hydra_chop, minivault_7
Temple:   minmay_crystal_spiral_temple
Lair:1:   layout_loops_ring, minivault_19
Lair:2:   layout_roguey, minmay_swamp_entry_swarm, spider_nest_entry_funnel_web
Lair:3:   layout_small_grid, nicolae_volcano_entry_s_turn, serial_bayou_ford_a,
          st_stairs_9, serial_bayou_shore_b
Lair:4:   layout_loops_ring, minmay_slime_entry_eyes, kennysheep_rathole,
          serial_bayou_shore_a, grunt_megastairs_2
Lair:5:   hangedman_lair_tendril_chambers, layout_cave_pods,
          guppyfry_lair_end_dragon
Swamp:1:  layout_basic_swamp, evilmike_swamp_ruin_house_3
Orc:1:    layout_caves, statue_in_the_mist_lemuel, nicolae_orc_jurassic_orc,
          uniq_harold
Orc:2:    grunt_orc_community_town_hall, layout_caves,
          grunt_orc_community_big_house_1, grunt_orc_community_big_house_1,
          grunt_orc_community_house_2, grunt_orc_community_house_3,
          grunt_orc_community_house_3, grunt_orc_community_house_2,
          kennysheep_orc_sif_temple

Skill      XL: |  1  2  3  4  5  6  7  8  9 10 11 12 13 14 15 |
---------------+----------------------------------------------+-----
Stealth        | 2 4 5 |  5.0
Ranged Weapons | 5 6 7 9 11 12 14 15 16 17 18 19 | 19.1
Dodging        | 5 7 9 11 12 | 12.1
Invocations    | 5 7 10 12 13 14 17 | 17.0
Fighting       | 2 4 6 7 |  7.4
Armour         | 1 4 6 |  6.3

Action                   |  1- 3 |  4- 6 |  7- 9 | 10-12 | 13-15 || total
-------------------------+-------+-------+-------+-------+-------++-------
 Fire: Sling             |    95 |   140 |   578 |   281 |       ||  1094
       Shortbow          |     5 |       |       |   439 |  1341 ||  1785
       Arbalest          |       |       |       |   154 |   375 ||   529
  Use: Scroll            |       |     2 |     9 |    15 |    11 ||    37
       Potion            |       |       |     1 |     5 |    11 ||    17
Armor: Robe              |     2 |     5 |     6 |     8 |     2 ||    23
       Fire dragon scale |       |       |       |       |    91 ||    91
Dodge: Dodged            |    18 |    55 |   128 |   420 |   807 ||  1428
       Repelled          |       |       |       |     2 |    11 ||    13
